NYP
STATE COLLEGE SPIKES @ WEST VIRGINIA BLACK BEARS
09/02/2049
 
TOP OF THE 1ST
State College Spikes batting - Pitching for West Virginia Black Bears : RHP Andres Guillen
Pitching: RHP Andres Guillen
Batting: RHB Ben Politi 0-0: Fly out, F9 (Flyball, 9S, EV 88.8 MPH)
Batting: RHB Shou-feng Chang 0-0: SINGLE (Line Drive, 8RS, EV 91.9 MPH)
Batting: RHB Juan Carrillo 0-0: Called Strike
0-1: Ball
1-1: Ball
2-1: Foul Ball, location: 2F
2-2: Strikes out looking
Batting: LHB Ken Compton 0-0: Called Strike
0-1: Ball
1-1: Ball
2-1: Foul Ball, location: 2F
2-2: Ground out 1-3 (Groundball, 34S, EV 66.2 MPH)
Top of the 1st over - 0 runs, 1 hit, 0 errors, 1 left on base; State College 0 - West Virginia 0
BOTTOM OF THE 1ST
West Virginia Black Bears batting - Pitching for State College Spikes : RHP Bob Markle
Pitching: RHP Bob Markle
Batting: SHB Don Hauk 0-0: Ball
1-0: Called Strike
1-1: DOUBLE (Groundball, 3L, EV 107.5 MPH)
Batting: SHB Yutaro Takahashi 0-0: Ball
1-0: Called Strike
1-1: Called Strike
1-2: Foul Ball, location: 2F
1-2: Strikes out swinging, 2-3 out at first.
Batting: LHB Dave Cook 0-0: Called Strike
Don Hauk steals 3rd base
0-1: Swinging Strike
0-2: Ball
1-2: Fly out, F9 (Line Drive, 89M, EV 95.6 MPH)
Runner from 3rd tags up, SCORES, throw by RF
Batting: RHB Joe Bower 0-0: Ball
1-0: Called Strike
1-1: Ball
2-1: Foul Ball, location: 2F
2-2: Strikes out swinging
Bottom of the 1st over - 1 run, 1 hit, 0 errors, 0 left on base; State College 0 - West Virginia 1
TOP OF THE 2ND
State College Spikes batting - Pitching for West Virginia Black Bears : RHP Andres Guillen
Batting: RHB Nelson Salamanca 0-0: Ball
1-0: Called Strike
1-1: Fly out, F8 (Line Drive, 8RM, EV 94.4 MPH)
Batting: LHB Ken Morehead 0-0: Swinging Strike
0-1: Ball
1-1: Ball
2-1: Foul Ball, location: 2F
2-2: Ball
3-2: Base on Balls
Batting: SHB Justin Houser 0-0: Ball
1-0: Ball
2-0: Ball
3-0: Called Strike
3-1: Fly out, F7 (Flyball, 8LM, EV 75.0 MPH)
Batting: RHB Mario Carbajal 0-0: Swinging Strike
0-1: SINGLE (Flyball, 7LS, EV 86.2 MPH)
Ken Morehead to second
Batting: RHB John James 0-0: Swinging Strike
0-1: Swinging Strike
0-2: Ball
1-2: Foul Ball, location: 2F
1-2: Strikes out looking
Top of the 2nd over - 0 runs, 1 hit, 0 errors, 2 left on base; State College 0 - West Virginia 1
BOTTOM OF THE 2ND
West Virginia Black Bears batting - Pitching for State College Spikes : RHP Bob Markle
Batting: RHB Mike Weeks 0-0: Ball
1-0: Called Strike
1-1: Ball
2-1: Swinging Strike
2-2: Strikes out swinging
Batting: LHB Jim Weidman 0-0: Foul Ball, location: 2F
0-1: Ball
1-1: Ball
2-1: Swinging Strike
2-2: Strikes out looking
Batting: RHB Sam Voss 0-0: Ball
1-0: Foul Ball, location: 2F
1-1: Ball
2-1: Ball
3-1: Swinging Strike
3-2: Strikes out looking
Bottom of the 2nd over - 0 runs, 0 hits, 0 errors, 0 left on base; State College 0 - West Virginia 1
TOP OF THE 3RD
State College Spikes batting - Pitching for West Virginia Black Bears : RHP Andres Guillen
Batting: RHB Ben Politi 0-0: Ball
1-0: Called Strike
1-1: Ball
2-1: Ground out 6-3 (Groundball, 6, EV 107.5 MPH)
Batting: RHB Shou-feng Chang 0-0: Called Strike
0-1: Foul Ball, location: 2F
0-2: Ball
1-2: Strikes out swinging
Batting: RHB Juan Carrillo 0-0: Ball
1-0: Ball
2-0: Ball
3-0: Called Strike
3-1: Base on Balls
Batting: LHB Ken Compton 0-0: Ball
Juan Carrillo steals 2nd base (no throw)
1-0: Swinging Strike
1-1: SINGLE (Line Drive, 89S, EV 96.2 MPH)
Juan Carrillo to third
Runner from 3rd tries for Home, SAFE, throw by RF to home
Ken Compton to second
Batting: RHB Nelson Salamanca 0-0: Ball
1-0: DOUBLE (Flyball, 89D, EV 90.6 MPH)
Ken Compton scores
Batting: LHB Ken Morehead 0-0: Ball
1-0: Called Strike
1-1: Ball
2-1: Ball
3-1: Base on Balls
Batting: SHB Justin Houser 0-0: Called Strike
0-1: Ground out 4-3 (Groundball, 34, EV 102.5 MPH)
Top of the 3rd over - 2 runs, 2 hits, 0 errors, 2 left on base; State College 2 - West Virginia 1
BOTTOM OF THE 3RD
West Virginia Black Bears batting - Pitching for State College Spikes : RHP Bob Markle
Batting: LHB William Matthews 0-0: Ball
1-0: Swinging Strike
1-1: Swinging Strike
1-2: Ball
2-2: Strikes out swinging
Batting: RHB Francisco Santos 0-0: Called Strike
0-1: Ball
1-1: Ball
2-1: Called Strike
2-2: Foul Ball, location: 2F
2-2: Ball
3-2: Foul Ball, location: 2F
3-2: Fly out, F8 (Flyball, 8RD, EV 94.4 MPH)
Batting: SHB Don Hauk 0-0: Fly out, F9 (Flyball, 9S, EV 87.5 MPH)
Bottom of the 3rd over - 0 runs, 0 hits, 0 errors, 0 left on base; State College 2 - West Virginia 1
TOP OF THE 4TH
State College Spikes batting - Pitching for West Virginia Black Bears : RHP Andres Guillen
Batting: RHB Mario Carbajal 0-0: Foul Ball, location: 2F
0-1: SINGLE (Groundball, 56D, EV 103.8 MPH)
Batting: RHB John James 0-0: Ball
1-0: Grounds into double play, 6-4-3 (Groundball, 6, EV 85.0 MPH)
Batting: RHB Ben Politi 0-0: Ball
1-0: Ground out 4-3 (Groundball, 4, EV 97.5 MPH)
Top of the 4th over - 0 runs, 1 hit, 0 errors, 0 left on base; State College 2 - West Virginia 1
BOTTOM OF THE 4TH
West Virginia Black Bears batting - Pitching for State College Spikes : RHP Bob Markle
Batting: SHB Yutaro Takahashi 0-0: Called Strike
0-1: Ball
1-1: Swinging Strike
1-2: Strikes out looking
Batting: LHB Dave Cook 0-0: Ball
1-0: Foul Ball, location: 2F
1-1: Swinging Strike
1-2: Ball
2-2: Ball
3-2: Strikes out looking
Batting: RHB Joe Bower 0-0: Ball
1-0: Foul Ball, location: 2F
1-1: Fly out, F6 (Line Drive, 56D, EV 84.4 MPH)
Bottom of the 4th over - 0 runs, 0 hits, 0 errors, 0 left on base; State College 2 - West Virginia 1
TOP OF THE 5TH
State College Spikes batting - Pitching for West Virginia Black Bears : RHP Andres Guillen
Batting: RHB Shou-feng Chang 0-0: Ball
1-0: Foul Ball, location: 2F
1-1: Foul Ball, location: 2F
1-2: Hit by Pitch
Batting: RHB Juan Carrillo 0-0: Called Strike
0-1: Ball
1-1: Ball
2-1: Called Strike
2-2: Ball
3-2: DOUBLE (Line Drive, 89D, EV 115.0 MPH)
Shou-feng Chang to third
Runner from 3rd tries for Home, throw by RF and OUT! 9-4-2
Juan Carrillo to third
Batting: LHB Ken Compton 0-0: Ball
1-0: SINGLE (Groundball, 34D, EV 102.5 MPH)
Juan Carrillo scores
Batting: RHB Nelson Salamanca 0-0: Called Strike
0-1: SINGLE (Groundball, 5D, EV 93.8 MPH)
Ken Compton to second
Batting: LHB Ken Morehead 0-0: Swinging Strike
0-1: Ball
1-1: Swinging Strike
1-2: Strikes out swinging
Batting: SHB Justin Houser 0-0: Ball
1-0: Called Strike
1-1: Called Strike
1-2: Foul Ball, location: 2F
1-2: Ground out 4-3 (Groundball, 4, EV 90.6 MPH)
Top of the 5th over - 1 run, 3 hits, 0 errors, 2 left on base; State College 3 - West Virginia 1
BOTTOM OF THE 5TH
West Virginia Black Bears batting - Pitching for State College Spikes : RHP Bob Markle
Batting: RHB Mike Weeks 0-0: Ground out 6-3 (Groundball, 56, EV 81.2 MPH)
Batting: LHB Jim Weidman 0-0: Foul Ball, location: 2F
0-1: Ball
1-1: Ball
2-1: Ball
3-1: Ground out 4-3 (Groundball, 4, EV 103.1 MPH)
Batting: RHB Sam Voss 0-0: Foul Ball, location: 2F
0-1: Ball
1-1: Swinging Strike
1-2: Strikes out looking
Bottom of the 5th over - 0 runs, 0 hits, 0 errors, 0 left on base; State College 3 - West Virginia 1
TOP OF THE 6TH
State College Spikes batting - Pitching for West Virginia Black Bears : RHP Andres Guillen
Pitching: LHP Juan Hernandez
Batting: RHB Mario Carbajal 0-0: Ball
1-0: SINGLE (Flyball, 7LS, EV 96.9 MPH)
Batting: RHB John James 0-0: Called Strike
0-1: Foul Ball, location: 2F
0-2: Foul Ball, location: 2F
0-2: Ball
Wild Pitch!
Mario Carbajal to second
1-2: Strikes out swinging
Batting: RHB Ben Politi 0-0: Ball
1-0: Foul Ball, location: 2F
1-1: Ball
2-1: Ball
3-1: Swinging Strike
Balk!
Mario Carbajal to third
3-2: Strikes out swinging
Batting: RHB Shou-feng Chang 0-0: Foul Ball, location: 2F
0-1: Ball
1-1: Swinging Strike
1-2: Strikes out swinging
Top of the 6th over - 0 runs, 1 hit, 0 errors, 1 left on base; State College 3 - West Virginia 1
BOTTOM OF THE 6TH
West Virginia Black Bears batting - Pitching for State College Spikes : RHP Bob Markle
Batting: LHB William Matthews 0-0: Ball
1-0: Ball
2-0: Fly out, F8 (Flyball, 8RS, EV 85.6 MPH)
Batting: RHB Francisco Santos 0-0: Ball
1-0: Swinging Strike
1-1: Ball
2-1: Foul Ball, location: 2F
2-2: Foul Ball, location: 2F
2-2: Strikes out swinging
Batting: SHB Don Hauk 0-0: Ground out 6-3 (Groundball, 6, EV 86.2 MPH)
Bottom of the 6th over - 0 runs, 0 hits, 0 errors, 0 left on base; State College 3 - West Virginia 1
TOP OF THE 7TH
State College Spikes batting - Pitching for West Virginia Black Bears : LHP Juan Hernandez
Batting: RHB Juan Carrillo 0-0: Called Strike
0-1: Ball
1-1: Swinging Strike
1-2: Strikes out swinging, 2-3 out at first.
Batting: LHB Ken Compton 0-0: Ball
1-0: Called Strike
1-1: Ball
2-1: Called Strike
2-2: Ball
3-2: DOUBLE (Line Drive, 9LM, EV 108.1 MPH)
Batting: RHB Nelson Salamanca 0-0: Ball
Wild Pitch!
Ken Compton to third
1-0: Ball
2-0: Foul Ball, location: 2F
2-1: Ball
Steal of home, Ken Compton is out
3-1: Base on Balls
Pitching: RHP Randy Nelligan
Batting: LHB Ken Morehead 0-0: Foul Ball, location: 2F
0-1: Swinging Strike
0-2: Foul Ball, location: 2F
0-2: Foul Ball, location: 2F
0-2: Foul Ball, location: 2F
0-2: Strikes out swinging
Top of the 7th over - 0 runs, 1 hit, 0 errors, 1 left on base; State College 3 - West Virginia 1
BOTTOM OF THE 7TH
West Virginia Black Bears batting - Pitching for State College Spikes : RHP Bob Markle
Pitching: RHP Tim Watson
Batting: SHB Yutaro Takahashi 0-0: Ball
1-0: Foul Ball, location: 2F
1-1: Ground out 4-3 (Groundball, 4, EV 85.6 MPH)
Batting: LHB Dave Cook 0-0: Ball
1-0: Swinging Strike
1-1: Ball
2-1: Ball
3-1: Called Strike
3-2: Base on Balls
Batting: RHB Joe Bower 0-0: Grounds into double play, 5-4-3 (Groundball, 15, EV 82.5 MPH)
Bottom of the 7th over - 0 runs, 0 hits, 0 errors, 0 left on base; State College 3 - West Virginia 1
TOP OF THE 8TH
State College Spikes batting - Pitching for West Virginia Black Bears : RHP Randy Nelligan
Batting: SHB Justin Houser 0-0: Called Strike
0-1: Ball
1-1: Swinging Strike
1-2: Strikes out swinging
Batting: RHB Mario Carbajal 0-0: Ball
1-0: Called Strike
1-1: DOUBLE (Line Drive, 9LM, EV 107.5 MPH)
Batting: RHB John James 0-0: Foul Ball, location: 2F
0-1: Ball
Balk!
Mario Carbajal to third
1-1: Called Strike
1-2: Strikes out swinging
Batting: RHB Ben Politi 0-0: Ball
1-0: Ball
2-0: Ball
3-0: Base on Balls
Pitching: RHP Onne Stubbe
Batting: RHB Shou-feng Chang 0-0: Ball
Ben Politi is caught stealing 2nd base 2-4
Top of the 8th over - 0 runs, 1 hit, 0 errors, 1 left on base; State College 3 - West Virginia 1
BOTTOM OF THE 8TH
West Virginia Black Bears batting - Pitching for State College Spikes : RHP Tim Watson
Batting: RHB Mike Weeks 0-0: Ball
1-0: Ball
2-0: Called Strike
2-1: Called Strike
2-2: Foul Ball, location: 2F
2-2: Ball
3-2: SINGLE (Groundball, 4M, EV 90.0 MPH) (infield hit)
Batting: LHB Jim Weidman 0-0: Ball
1-0: Fielders Choice at 2nd, 3-6 (Groundball, 3, EV 110.6 MPH)
Pinch Hitting: LHB Jesse Haught 0-0: Ball
1-0: Reached via error on a dropped throw from 2B, E3 (Groundball, 34, EV 105.6 MPH)
Jim Weidman to second
Batting: LHB William Matthews 0-0: Called Strike
0-1: Hit by Pitch
Jim Weidman to third
Jesse Haught to second
Pinch Hitting: SHB Jiong Qi 0-0: Called Strike
0-1: Foul Ball, location: 2F
0-2: Ball
1-2: Grounds into fielders choice 4-2 (Groundball, 4, EV 78.8 MPH)
Jesse Haught to third
William Matthews to second
Batting: SHB Don Hauk 0-0: Called Strike
0-1: Ball
1-1: Ball
2-1: Foul Ball, location: 2F
2-2: Foul Ball, location: 2F
2-2: Ground out 4-3 (Groundball, 4, EV 83.8 MPH)
Bottom of the 8th over - 0 runs, 1 hit, 1 error, 3 left on base; State College 3 - West Virginia 1
TOP OF THE 9TH
State College Spikes batting - Pitching for West Virginia Black Bears : RHP Onne Stubbe
Now at 1B: Jiong Qi
Now in CF: Jesse Haught
Batting: RHB Shou-feng Chang 0-0: Ball
1-0: Called Strike
1-1: Foul Ball, location: 2F
1-2: Reached on error, E2 (Groundball, 2R, EV 66.9 MPH)
Batting: RHB Juan Carrillo 0-0: Called Strike
0-1: Ball
1-1: Called Strike
Shou-feng Chang is caught stealing 2nd base 2-4
1-2: Foul Ball, location: 2F
1-2: Ball
2-2: Foul Ball, location: 2F
2-2: Ground out U3 (Groundball, 34, EV 103.8 MPH)
Batting: LHB Ken Compton 0-0: Ball
1-0: Ball
2-0: Foul Ball, location: 2F
2-1: Called Strike
2-2: Ball
3-2: Strikes out swinging
Top of the 9th over - 0 runs, 0 hits, 1 error, 0 left on base; State College 3 - West Virginia 1
BOTTOM OF THE 9TH
West Virginia Black Bears batting - Pitching for State College Spikes : RHP Tim Watson
Pitching: RHP Jace Daniels
Now at 1B: Justin Houser
Now in LF: Edgar Klockow
Now in CF: Ken Compton
Batting: SHB Yutaro Takahashi 0-0: Ball
1-0: Ball
2-0: SINGLE (Groundball, 34D, EV 100.0 MPH)
Batting: LHB Dave Cook 0-0: Ball
1-0: Swinging Strike
1-1: Ball
2-1: Foul Ball, location: 2F
2-2: Strikes out swinging
Batting: RHB Joe Bower 0-0: Ball
1-0: Fielders Choice at 2nd, 6-4 (Groundball, 6, EV 84.4 MPH)
Batting: RHB Mike Weeks 0-0: Called Strike
0-1: Ball
1-1: Foul Ball, location: 2F
1-2: Foul Ball, location: 2F
1-2: Strikes out swinging
Bottom of the 9th over - 0 runs, 1 hit, 0 errors, 1 left on base; State College 3 - West Virginia 1
Sunday, July 16th , 2023 - OOTP Baseball 24.6 Build 69